 Seeded DCSS version 0.30.1-11-g7821555f0a (webtiles) character file.

Game seed: 3677821746841223284 (custom seed)

392 Psyclone the Conjurer (level 6, -3/32 HPs)
             Began as a Deep Elf Conjurer on Nov 7, 2023.
             Was an Initiate of Gozag.
             Slain by a centaur (6 damage)
             ... on level 4 of the Dungeon.
             The game lasted 00:07:13 (4029 turns).

Psyclone the Conjurer (Deep Elf Conjurer)           Turns: 4029, Time: 00:07:13

Health: -3/32      AC:  4    Str:  4    XL:     6   Next: 50%
Magic:  12/16      EV: 12    Int: 25    God:    Gozag
Gold:   1016       SH:  0    Dex: 13    Spells: 5/16 levels left

rFire   . . .        o - +1 dagger (speed)
rCold   . . .        (no shield)
rNeg    . . .        a - +0 robe
rPois   .            (no helmet)
rElec   .            (no cloak)
rCorr   .            (no gloves)
SInv    .            (no boots)
Will    .....        (no amulet)
Stlth   ++           (no ring)
HPRegen 0.25/turn    (no ring)
MPRegen 0.15/turn

%: no passive effects
@: no status effects
A: iridescent scales 1, sturdy frame 1, noise suppression
a: Renounce Religion, Potion Petition, Call Merchant, Bribe Branch


You were on level 4 of the Dungeon.
You worshipped Gozag.
Gozag was most pleased with you.
You visited 1 branch of the dungeon, and saw 4 of its levels.

You collected 1813 gold pieces.
You paid 797 gold pieces to Gozag.

Inventory:

Hand Weapons
 o - a +1 dagger of speed (weapon)
Armour
 a - a +0 robe (worn)
Wands
 l - a wand of paralysis (11)
 n - a wand of quicksilver (7)
Scrolls
 c - 2 scrolls of butterflies {unknown}
 e - a scroll of identify {@r1}
 g - a scroll of enchant armour {unknown}
 h - 3 scrolls of teleportation {unknown}
 j - a scroll of vulnerability {unknown}
 k - a scroll of blinking
 m - a scroll of amnesia
Potions
 b - a potion of magic
 d - 4 potions of curing
 f - a potion of mutation
 i - a potion of flight
 p - 2 potions of haste


   Skills:
 - Level 2.4 Dodging
 - Level 2.4 Stealth
 + Level 5.8 Spellcasting
 * Level 7.5 Conjurations


You had 5 spell levels left.
You knew the following spells:

 Your Spells              Type           Power      Damage    Failure   Level
a - Magic Dart            Conj           100%       1d8       1%          1
b - Searing Ray           Conj           90%        2d7       1%          2
d - Fulminant Prism       Conj/Hex       13%        3d9       16%         4
e - Iskenderun's Mystic   Conj/Tloc      26%        2d7       16%         4

Your spell library contained the following spells:

 Spells                   Type           Power      Damage    Failure   Level
 Momentum Strike          Conj/Tloc      52%        3d9       2%          2
 Dazzling Flash           Conj/Hex       52%        N/A       4%          3
 Blink                    Tloc           14%        N/A       12%         2
 Lesser Beckoning         Tloc           14%        N/A       12%         2


Dungeon Overview and Level Annotations

Branches:
Dungeon (4/15) Zot: 19961  Temple (0/1) D:4

Altars:
Gozag
Sif Muna

Shops:
D:1 [


Innate Abilities, Weirdness & Mutations

You are partially covered in iridescent scales. (AC +2)
Your movements are slightly less encumbered by armour. (ER -2)
You passively dampen the noise of your surroundings.


Message History

You see here a +0 whip.
You now have 1016 gold pieces (gained 6).
A centaur comes into view.
MP restored: 16 The centaur shouts!
The centaur wields a +0 shortbow.
The centaur shoots an arrow.
The arrow closely misses you.
The centaur shoots an arrow.
The arrow hits you.
You take 5 damage, and have 27/32 hp.
The centaur shoots an arrow.
The arrow hits you!
You take 15 damage, and have 12/32 hp.
MASSIVE DAMAGE!!
The centaur unwields a +0 shortbow.
The centaur hits you.
The centaur kicks you but does no damage.
You take 1 damage, and have 11/32 hp.
Casting: Searing Ray (safe; 1% risk of failure)
Confirm with . or Enter, or press ? or * to list all spells.
Aiming: Searing Ray (safe; 1% risk of failure)
Press: ? - help, Shift-Dir - straight line, f - centaur
Aim: a centaur (89% to hit)
The searing ray hits the centaur.
The centaur is moderately wounded. (Press . to maintain the ray.)
The centaur hits you.
* * * LOW HITPOINT WARNING * * *
The centaur closely misses you.
You take 4 damage, and have 7/32 hp.
You now have 14/16 mp.
The searing ray hits the centaur.
The centaur is heavily wounded.
The centaur hits you.
* * * LOW HITPOINT WARNING * * *
The centaur kicks you but does no damage.
The centaur hits you.
* * * LOW HITPOINT WARNING * * *
The centaur closely misses you.
You take 4 damage, and have 3/32 hp.
You now have 13/16 mp.
The searing ray hits the centaur.
The centaur is severely wounded.
The centaur hits you.
You die...
Your body crumbles into a pile of gold.

#.# #....≈≈≈≈≈≈≈≈≈....# #.#
#.###......≈≈≈≈≈......# #.#
##.##..................###.#
.....###.#..##...#####.....#
##.##.#.##......## #######
#.###.###..##### #.#
##.....#
#.####.##.###########.#
#......##......@c.....#
#######################


You could see a centaur.

Vanquished Creatures
  A phantom (D:4)
  A hound (D:4)
  Ijyb (D:3)
  Natasha (thrice) (D:3)
  An iguana (D:4)
  Robin (D:3)
  6 adders
  A shadow imp (D:3)
  An ufetubus (D:4)
  3 worms
  2 dart slugs
  An orc (D:4)
  6 endoplasms
  5 giant cockroaches
  11 goblins
  5 hobgoblins
  3 jackals (D:1)
  6 quokkas
  8 ball pythons
  A bat (D:1)
  2 frilled lizards
  9 kobolds
  3 rats
81 creatures vanquished.

Notes
Turn   | Place    | Note
-------+----------+-------------------------------------------
     0 | D:1      | Psyclone the Deep Elf Conjurer began the quest for the Orb.
     0 | D:1      | Reached XP level 1. HP: 10/10 MP: 6/6
    21 | D:1      | Gained mutation: Your movements are slightly less
                  | encumbered by armour. (ER -2) [potion of mutation]
    21 | D:1      | Gained mutation: You passively dampen the noise of your
                  | surroundings. [potion of mutation]
    21 | D:1      | Gained mutation: You are partially covered in iridescent
                  | scales. (AC +2) [potion of mutation]
   130 | D:1      | Found a faded altar of an unknown god.
   139 | D:1      | Reached XP level 2. HP: 15/15 MP: 0/8
   162 | D:1      | Identified a scroll of acquirement
   162 | D:1      | Acquired 1271 gold pieces
   175 | D:1      | Prayed at the altar of an unknown god.
   175 | D:1      | Became a worshipper of Gozag Ym Sagoz the Greedy
   448 | D:1      | Learned a level 2 spell: Searing Ray
   763 | D:1      | Reached skill level 5 in Conjurations
   970 | D:2      | Reached XP level 3. HP: 19/19 MP: 6/10
  1319 | D:2      | Reached XP level 4. HP: 23/24 MP: 3/12
  1962 | D:3      | Reached skill level 6 in Conjurations
  2056 | D:3      | Noticed Natasha
  2062 | D:3      | Killed Natasha
  2063 | D:3      | Reached XP level 5. HP: 26/28 MP: 9/14
  2339 | D:3      | Noticed Natasha
  2342 | D:3      | Killed Natasha
  2404 | D:3      | Found a shimmering blue altar of Sif Muna.
  2448 | D:3      | Noticed Ijyb
  2452 | D:3      | Killed Ijyb
  2453 | D:3      | Reached skill level 5 in Spellcasting
  2576 | D:3      | Noticed Robin
  2585 | D:3      | Killed Robin
  3036 | D:3      | Noticed Natasha
  3039 | D:3      | HP: 1/28 [Natasha/bolt of dispelling energy (13)]
  3043 | D:3      | Killed Natasha
  3354 | D:4      | Noticed an ogre
  3461 | D:4      | Reached skill level 7 in Conjurations
  3461 | D:4      | Reached XP level 6. HP: 32/32 MP: 12/16
  3503 | D:4      | Learned a level 4 spell: Fulminant Prism
  3508 | D:4      | Learned a level 4 spell: Iskenderun's Mystic Blast
  3734 | D:4      | Found a staircase to the Ecumenical Temple.
  4029 | D:4      | Slain by a centaur

Illustrated notes

Levels and vault maps discovered:
D:1:      scummos_arrival_forest, layout_basic, basic_ecumenical_altar
D:2:      minmay_evil_eye, layout_basic, corexii_leaking_fountain,
          grunt_ministairs_4, serial_bayou_crossing
D:3:      layout_loops_ring, mainiacjoe_overflow_catwalk, chequers_arboretum,
          uniq_ijyb, uniq_robin, uniq_natasha
D:4:      layout_loops_ring, temple_pool_b

Skill      XL: |  1  2  3  4  5 |
---------------+----------------+-----
Conjurations   | 5 6 7 |  7.5
Spellcasting   | 4 5 |  5.8
Dodging        | |  2.4
Stealth        | |  2.4

Action                     |  1- 3 |  4- 6 || total
---------------------------+-------+-------++-------
   Cast: Magic Dart        |    62 |    59 ||   121
         Searing Ray       |       |    24 ||    24
 Invoke: Call Merchant     |     1 |       ||     1
    Use: Potion            |     1 |     4 ||     5
         Scroll            |     1 |     3 ||     4
 Armour: Robe              |     1 |     8 ||     9
  Dodge: Dodged            |     1 |    11 ||    12
